Match 44806967
Unlisted

Match 44806967
End
Construct Infanterie Kompanie
Selects Mechanized Battlegroup
MG 42 Machine Gun Team
Grenadier Squad
GrW 34 Mortar Team
Grenadier Squad
Construct Luftwaffe Kompanie
221 Scout Car
Repair Bunker
Selects Raid Package
Flak 30 Anti-aircraft Gun Team
Support Elements
Marder III M Tank Destroyer
Selects Mobile Repair Stations
Jäger Squad
Wirbelwind Flakpanzer
221 Scout Car
Luftwaffe Officer Quarters
Side Skirts
Selects StuG Assault Group
StuG Assault Group
OKW 1st Guards Motor
YangXYZ
Cmdte. Canela
无胡
hlpio
Gab BF
*****
Dimon
0
0

Comments sign in to comment!

No comments posted yet!